 Dungeon Crawl Stone Soup version 0.28.0-45-g0d030f2227 (webtiles) character file.

Game seed: 221397640742135997

29 jimonade the Magician (level 3, -1/26 HPs)
             Began as a Djinni Hedge Wizard on Apr 6, 2022.
             Slain by a scorpion (4 damage)
             ... on level 2 of the Dungeon.
             The game lasted 00:04:16 (2051 turns).

jimonade the Magician (Djinni Hedge Wizard)         Turns: 2051, Time: 00:04:17

Health: -1/26      AC:  2    Str: 11    XL:     3   Next: 32%
Gold:   50         EV: 12    Int: 15    God:
                   SH:  0    Dex: 12

rFire   + + .      SeeInvis .   a - +0 dagger
rCold   x . .      Faith    .   k - orb {mayhem}
rNeg    . . .      Spirit   .   b - +0 robe
rPois   ∞          Reflect  .   c - +0 hat
rElec   .          Harm     .   (no cloak)
rCorr   .          Rampage  .   (no gloves)
Will    .....                   (boots unavailable)
Stlth   ++........              (no amulet)
HPRegen 0.08/turn               (no ring)
MPRegen 0.00/turn               (no ring)

@: flying
A: sickness immunity, fire resistance 2, cold vulnerability 1, float, innate
caster, HP casting, extra vitality 1
a: no special abilities


You were on level 2 of the Dungeon.
You visited 1 branch of the dungeon, and saw 2 of its levels.

You collected 50 gold pieces.

Inventory:

Hand Weapons
 a - a +0 dagger (weapon)
 l - a +0 spear
Missiles
 e - 50 arrows
 f - 31 sling bullets
 j - 17 bolts
Armour
 b - a +0 robe (worn)
 c - a +0 hat (worn)
 k - an orb of mayhem (worn)
Jewellery
 g - a ring of flight
 i - a ring of fire
Scrolls
 d - a scroll of magic mapping {unknown}
 h - a scroll of blinking {unknown}


   Skills:
 * Level 0.3 Fighting
 * Level 0.1 Armour
 + Level 2.6 Dodging
 - Level 1.6 Stealth
 * Level 3.0 Spellcasting


You couldn't memorise any spells.
You knew the following spells:

 Your Spells              Type           Power      Damage    Failure   Level
a - Magic Dart            Conj           44%        1d5       5%          1
b - Blink                 Tloc           22%        N/A       9%          2
c - Call Imp              Summ           11%        N/A       9%          2
d - Slow                  Hex            44%        N/A       5%          1
e - Conjure Flame         Conj/Fire      11%        6-21      17%         3
f - Mephitic Cloud        Conj/Pois/Air  11%        N/A       17%         3
g - Sandblast             Erth           22%        2d7       5%          1
Your spell library was empty.

Dungeon Overview and Level Annotations

Branches:
Dungeon (2/15)

Altars:


Innate Abilities, Weirdness & Mutations

You are immune to sickness and miasma.
You are immune to poison.
Your flesh is very heat resistant. (rF++)
You are vulnerable to cold. (rC-)
You float through the air rather than walking.
You learn spells naturally, not from books.
Your magical power is your life essence.
You have superior vitality. (+4 MHP)


Message History

Confirm with . or Enter, or press ? or * to list all spells.
Aiming: Magic Dart (safe; 5% risk of failure)
Press: ? - help, Shift-Dir - straight line, f/p - scorpion
Aim: a scorpion (moderately wounded, 100% to hit)
The magic dart hits the scorpion.
The scorpion is moderately wounded.
* * * LOW HITPOINT WARNING * * *
The scorpion stings you but does no damage.
Casting: Magic Dart (safe; 5% risk of failure)
Confirm with . or Enter, or press ? or * to list all spells.
Aiming: Magic Dart (safe; 5% risk of failure)
Press: ? - help, Shift-Dir - straight line, f/p - scorpion
Aim: a scorpion (moderately wounded, 100% to hit)
The magic dart hits the scorpion but does no damage.
The scorpion is moderately wounded.
* * * LOW HITPOINT WARNING * * *
The scorpion closely misses you.
You aren't carrying any items that you can evoke.
There's nothing to close nearby.
Unknown command.
Unknown command.
You aren't carrying any items that you can evoke.
Unknown command.
Unknown command.
You need no library to learn spells.
Unknown command.
Casting: Magic Dart (safe; 5% risk of failure)
Confirm with . or Enter, or press ? or * to list all spells.
A beastly little devil appears in a puff of flame.
* * * LOW HITPOINT WARNING * * *
The scorpion barely misses you.
Your crimson imp blinks!
The scorpion closely misses you. The scorpion barely misses you.
The scorpion stings you.
* * * LOW HITPOINT WARNING * * *
You can't go up here!
There is a stone staircase leading up here.
The scorpion stings you.
You die...

#.# #.# #.# #.# ##
#.# ###. #.# ###.#.
#####.#######
...#..
#....s@.<...# #.#
#.#####.###.#####.#
.# ##......# #.#
...##.####### #.#
...#......... #.#
......####### #.#
#.#...# #.# #.#....
..# #.###. ###


You could see a scorpion.

Vanquished Creatures
  2 ball pythons
  3 bats
  3 endoplasms
  A giant cockroach (D:1)
  4 goblins
  5 hobgoblins (D:1)
  A kobold (D:1)
  A quokka (D:1)
  3 frilled lizards (D:1)
  2 rats (D:1)
25 creatures vanquished.

Notes
Turn   | Place    | Note
-------+----------+-------------------------------------------
     0 | D:1      | jimonade the Djinni Hedge Wizard began the quest for the
                  | Orb.
     0 | D:1      | Reached XP level 1. HP: 15/15 MP: 0/0
   325 | D:1      | Reached XP level 2. HP: 15/21 MP: 0/0
  1024 | D:1      | Reached XP level 3. HP: 9/26 MP: 0/0
  1024 | D:1      | Learned a level 1 spell: Sandblast
  1427 | D:1      | Reached skill level 3 in Spellcasting
  1640 | D:2      | Noticed a scorpion
  2051 | D:2      | Slain by a scorpion

Illustrated notes

Levels and vault maps discovered:
D:1:      mrwooster_arrival_statue_3, layout_basic
D:2:      layout_loops_ring, serial_shops, shop, basic_altar,
          mrwooster_statue_mirror

Skill      XL: |  1  2  3 |
---------------+----------+-----
Spellcasting   | 3 |  3.0
Fighting       | |  0.3
Armour         | |  0.1
Dodging        | |  2.6
Stealth        | |  1.6

Action                   || total
-------------------------++-------
Melee: Dagger            ||    22
 Cast: Magic Dart        ||    63
       Call Imp          ||     1
Armor: Robe              ||    12
Dodge: Dodged            ||    25
